 Dungeon Crawl Stone Soup version 0.27-a0-887-gcab673c142 (webtiles) character file.

Game seed: 12111487852418683719

284 Alarkh the Insei (level 6, 48/48 HPs)
             Began as a Demonspawn Gladiator on Apr 4, 2021.
             Got out of the dungeon alive.
             The game lasted 00:02:29 (2297 turns).

Alarkh the Insei (Demonspawn Gladiator)             Turns: 2297, Time: 00:02:29

Health: 48/48      AC:  9    Str: 14    XL:     6   Next: 7%
Magic:  6/6        EV: 11    Int: 11    God:
Gold:   100        SH:  0    Dex: 15    Spells: 5/5 levels left

rFire    . . .     SeeInvis .     - Unarmed
rCold    . . .     Faith    .   (no shield)
rNeg     + . .     Spirit   .   i - +0 ring mail {rN+}
rPois    .         Reflect  .   b - +0 helmet
rElec    .         Harm     .   s - +0 cloak
rCorr    .         Rampage  .   (no gloves)
Will     .....                  (no boots)
Stlth    +.........             (no amulet)
HPRegen  0.16/turn              (no ring)
MPRegen  0.10/turn              (no ring)

@: no status effects
A: ignite blood 1, powered by pain 1, sharp scales 2
a: no special abilities


You escaped.
You visited 1 branch of the dungeon, and saw 3 of its levels.

You collected 100 gold pieces.

Inventory:

Missiles
 c - 4 throwing nets (quivered)
Armour
 a - a +0 leather armour
 b - a +0 helmet (worn)
 i - a +0 ring mail of positive energy (worn)
 s - a +0 cloak (worn)
Scrolls
 e - a scroll of noise {unknown}
 f - 2 scrolls of magic mapping {unknown}
 g - a scroll of fog {unknown}
 m - 2 scrolls of identify {unknown}
 n - a scroll of amnesia {unknown}
 o - a scroll of vulnerability {unknown}
 p - a scroll of acquirement {unknown}
Potions
 d - a potion of heal wounds
 h - a potion of degeneration {unknown}
 j - a potion of mutation {unknown}
 k - 2 potions of curing
 l - a potion of might {unknown}
 q - a potion of haste
 r - a potion of cancellation {unknown}


   Skills:
 + Level 3.9 Fighting
 - Level 1.7 Throwing
 - Level 2.6 Dodging
 * Level 5.3 Unarmed Combat


You had 5 spell levels left.
You didn't know any spells.
Your spell library was empty.

Dungeon Overview and Level Annotations

Branches:
Dungeon (3/15)

Altars:
Ru


Innate Abilities, Weirdness & Mutations

Your demonic aura sometimes causes spilled blood to erupt in flames You sometimes gain a little power by taking damage.
You are mostly covered in razor-sharp scales. (AC +2, Slay +2)


Message History

No target in view!
No target in view!
No target in view!
No target in view!
No target in view!
No target in view!
No target in view!
No target in view!
No target in view!
No target in view!
No target in view!
No target in view!
No target in view!
No target in view!
There is a sacrificial altar of Ru here.
Things that are here:
a +0 dagger; a +0 robe; an orc corpse
Things that are here:
a +0 club; a goblin corpse
There is an open door here.
Things that are here:
a +0 flail; a +0 ring mail; an orc corpse
Things that are here:
a +0 short sword; a +0 leather armour
There is a stone staircase leading up here.
You climb upwards.
There is a stone staircase leading down here.
HP restored.
Items here: ( )) [.
You see here a +0 hand axe.
Things that are here:
a +0 flail; a +0 hand axe; a +0 falchion
There is a stone staircase leading up here.
Things that are here:
2 poisoned darts; a +0 short sword You climb upwards.
There is a stone staircase leading down here.
There is a staircase leading out of the dungeon here.
Are you sure you want to leave the Dungeon?
This will make you lose the game!
You have escaped!

#.#.# ....##################
#.#..................#########
....................)........#
#.#..P†≈≈≈≈≈≈≈P...P≈≈≈≈≈≈≈≈P.#
...†.≈≈≈≈≈≈≈≈≈≈...≈≈≈≈≈≈≈≈≈≈.#
#.#..≈≈≈≈≈≈≈≈≈≈...≈≈≈≈≈≈≈≈≈≈.#
......≈≈≈≈≈≈≈≈.....≈≈≈≈≈≈≈†P.##
...............)@.............#
#....P≈≈≈≈≈≈≈≈.....≈≈≈≈≈≈≈≈P..#
#....≈≈≈≈≈≈≈≈≈≈...≈≈≈≈≈≈≈≈≈≈..#
###..≈≈≈≈≈≈≈≈≈≈...≈≈≈≈≈≈≈≈≈≈..#
.#...P≈≈≈≈≈≈≈≈P....≈≈≈≈≈≈≈≈P).#
.#.#(.........................#
.#.##...####..................#
##....#####..#.################
....####....#..#


There were no monsters in sight!

Vanquished Creatures
  Crazy Yiuf (D:2)
  An orc priest (D:2)
  An iguana (D:2)
  2 orc wizards (D:3)
  An adder (D:2)
  3 gnolls (D:2)
  A white imp (D:2)
  A worm (D:2)
  4 dart slugs
  9 orcs
  8 ball pythons
  5 bats (D:1)
  6 endoplasms
  3 giant cockroaches
  5 goblins
  7 hobgoblins
  12 jackals
  2 quokkas
  3 frilled lizards
  6 kobolds
  2 rats (D:1)
83 creatures vanquished.

Vanquished Creatures (others)
  3 plants (D:1)
3 creatures vanquished.

Grand Total: 86 creatures vanquished

Notes
Turn   | Place    | Note
-------+----------+-------------------------------------------
     0 | D:1      | Alarkh the Demonspawn Gladiator began the quest for the
                  | Orb.
     0 | D:1      | Reached XP level 1. HP: 16/16 MP: 1/1
   204 | D:1      | Reached skill level 3 in Unarmed Combat
   209 | D:1      | Gained mutation: You are partially covered in razor-sharp
                  | scales. (AC +1, Slay +1) [demonic ancestry]
   209 | D:1      | Reached XP level 2. HP: 10/22 MP: 2/2
   408 | D:1      | Found a faded altar of an unknown god.
   455 | D:1      | You fall into a shaft and drop 1 floor!
   704 | D:1      | Gained mutation: You are mostly covered in razor-sharp
                  | scales. (AC +2, Slay +2) [demonic ancestry]
   704 | D:1      | Reached XP level 3. HP: 21/28 MP: 3/3
  1198 | D:2      | Reached skill level 4 in Unarmed Combat
  1213 | D:2      | Reached XP level 4. HP: 34/34 MP: 4/4
  1377 | D:2      | Gained mutation: Your demonic aura sometimes causes spilled
                  | blood to erupt in flames [demonic ancestry]
  1377 | D:2      | Reached XP level 5. HP: 34/41 MP: 5/5
  1790 | D:2      | Found a runed translucent door.
  1791 | D:2      | Noticed Crazy Yiuf
  1814 | D:2      | Killed Crazy Yiuf
  1815 | D:2      | Reached skill level 5 in Unarmed Combat
  2191 | D:3      | Found a sacrificial altar of Ru.
  2198 | D:3      | Gained mutation: You sometimes gain a little power by
                  | taking damage. [demonic ancestry]
  2198 | D:3      | Reached XP level 6. HP: 39/48 MP: 6/6
  2297 | D:$      | Got out of the dungeon alive.

Illustrated notes

Levels and vault maps discovered:
D:1:      giann_bridges, layout_rooms, basic_ecumenical_altar, st_stairs_9,
          minmay_hexomino_c4
D:2:      cheibrodos_pilgrimage, layout_rooms, st_stairs_12,
          uniq_crazy_yiuf_cottage
D:3:      layout_basic, tso_altar, nicolae_ru_great_annihilating_truth,
          chequers_temple_overflow_statue_of_worship

Skill      XL: |  1  2  3  4  5 |
---------------+----------------+-----
Unarmed Combat | 3 4 5 |  5.3
Fighting       | 3 |  3.9
Throwing       | |  1.7
Dodging        | |  2.6

Action                   |  1- 3 |  4- 6 || total
-------------------------+-------+-------++-------
Melee: Unarmed           |   148 |   130 ||   278
       Punch             |     1 |     5 ||     6
  Use: Potion            |       |     3 ||     3
 Stab: Paralysed         |       |     2 ||     2
       Invisible         |       |     1 ||     1
Armor: Leather armour    |    55 |       ||    55
       Ring mail         |     9 |    54 ||    63
Dodge: Dodged            |   117 |    88 ||   205

Table legend: (Time is in decaauts)
 A = Elapsed time spent in this place.
 B = Non-inter-level travel time spent in this place.
 C = Inter-level travel time spent in this place.
 D = Time resting spent in this place.
 E = Time spent auto-exploring this place.
 F = Levels seen in this place.
 G = Mean time per level.
                   A        B        C        D        E       F      G
               +--------+--------+--------+--------+--------+-----+--------+
         Total |   2270 |   2101 |    169 |    566 |   1076 |   3 |  756.7 |
       Dungeon |   2270 |   2101 |    169 |    566 |   1076 |   3 |  756.7 |
               +--------+--------+--------+--------+--------+-----+--------+

Top non-repeatable levels by time:
     D:1: 1132 daAuts
     D:2: 933 daAuts
     D:3: 204 daAuts
